[ AOE2 MATCH · #506071220 ]
UnrankedBulgarians vs Aztecs
Rival team · LOSS
[ REPLAY ANALYSIS · EXTRACTED FROM THE RECORDED GAME ]
Feudal
9:01
Castle
—
Imperial
—
| APM avg | 47.8 |
| APM peak | 60 |
| eAPM avg | 17.8 |
| Villagers / military | 29 / 10 |
Focus
⚔️ 28.1% · 🌾 71.9%
Militia ×6 · Skirmisher ×4
Feudal
8:58
Castle
—
Imperial
—
| APM avg | 56.2 |
| APM peak | 77 |
| eAPM avg | 19.1 |
| Villagers / military | 26 / 11 |
Focus
⚔️ 41.1% · 🌾 58.9%
Archer ×6 · Militia ×5
Match map
Initial resources + every placement click. Lines = walls · curves = elevation contours. ◆ gold · ⬟ stone · ● berries · ✦ relic · ◌ wall gap
Your base· Open — unwalled flank
danchoi's base· Open — unwalled flank
Smoothed initial terrain · ◌ = detected wall gap · hover for details
Inputs per minute
— (***AlBy_Bkr***) - - danchoi
Build order — (***AlBy_Bkr***)
63 actions detected in the replay
| 0:02 | Build | House |
| 0:03 | Build | House |
| 0:04 | Create | Villager (Male) |
| 0:04 | Create | Villager (Male) |
| 0:22 | Create | Villager (Male) |
| 0:22 | Create | Villager (Male) |
| 0:22 | Create | Villager (Male) |
| 1:28 | Create | Villager (Male) |
| 1:28 | Create | Villager (Male) |
| 2:03 | Create | Villager (Male) |
| 2:03 | Create | Villager (Male) |
| 2:31 | Create | Villager (Male) |
| 2:31 | Create | Villager (Male) |
| 2:31 | Create | Villager (Male) |
| 2:58 | Create | Villager (Male) |
| 2:58 | Create | Villager (Male) |
| 2:59 | Create | Villager (Male) |
| 3:13 | Create | Villager (Male) |
| 3:13 | Create | Villager (Male) |
| 3:19 | Build | Lumber Camp |
| 3:29 | Build | House |
| 3:39 | Create | Villager (Male) |
| 4:07 | Create | Villager (Male) |
| 4:21 | Create | Villager (Male) |
| 4:21 | Create | Villager (Male) |
| 4:38 | Create | Villager (Male) |
| 4:58 | Create | Villager (Male) |
| 5:40 | Research | Loom |
| 5:40 | Research | Loom |
| 5:52 | Build | Barracks |
| 6:51 | Research | Feudal Age |
| 6:51 | Research | Feudal Age |
| 7:04 | Create | Militia |
| 7:20 | Create | Militia |
| 7:52 | Create | Militia |
| 7:54 | Build | Palisade Wall |
| 8:02 | Create | Militia |
| 8:03 | Create | Militia |
| 8:51 | Create | Villager (Male) |
| 9:00 | Build | Mill |
| 9:01 | Age | Feudal Age |
| 9:07 | Build | Archery Range |
| 9:27 | Create | Villager (Male) |
| 9:31 | Build | House |
| 9:59 | Create | Militia |
| 10:03 | Build | Blacksmith |
| 10:08 | Create | Villager (Male) |
| 10:15 | Build | House |
| 10:26 | Create | Skirmisher |
| 10:32 | Research | Scale Mail Armor |
| 10:32 | Research | Scale Mail Armor |
| 10:33 | Research | Scale Mail Armor |
| 10:43 | Create | Skirmisher |
| 11:04 | Create | Skirmisher |
| 11:07 | Research | Padded Archer Armor |
| 11:07 | Create | Villager (Male) |
| 11:42 | Create | Skirmisher |
| 11:43 | Create | Villager (Male) |
| 11:45 | Build | Farm |
| 11:45 | Build | Farm |
| 12:11 | Create | Villager (Male) |
| 12:12 | Build | Farm |
| 12:37 | Build | Farm |
Build order — danchoi
58 actions detected in the replay
| 0:01 | Create | Villager (Male) |
| 0:02 | Build | House |
| 0:02 | Build | House |
| 0:10 | Create | Villager (Male) |
| 0:10 | Create | Villager (Male) |
| 0:10 | Create | Villager (Male) |
| 1:26 | Create | Villager (Male) |
| 1:26 | Create | Villager (Male) |
| 2:03 | Create | Villager (Male) |
| 2:03 | Create | Villager (Male) |
| 2:16 | Build | Lumber Camp |
| 2:46 | Create | Villager (Male) |
| 2:47 | Create | Villager (Male) |
| 2:47 | Create | Villager (Male) |
| 3:35 | Create | Villager (Male) |
| 4:03 | Create | Villager (Male) |
| 4:06 | Create | Villager (Male) |
| 4:06 | Create | Villager (Male) |
| 4:40 | Create | Villager (Male) |
| 5:04 | Create | Villager (Male) |
| 5:31 | Create | Villager (Male) |
| 5:33 | Build | Mill |
| 5:39 | Build | Mining Camp |
| 5:47 | Build | Barracks |
| 6:04 | Research | Loom |
| 6:48 | Research | Feudal Age |
| 6:48 | Research | Feudal Age |
| 7:13 | Build | House |
| 7:14 | Create | Militia |
| 7:14 | Create | Militia |
| 7:22 | Build | Mining Camp |
| 7:38 | Create | Militia |
| 8:10 | Create | Militia |
| 8:24 | Build | House |
| 8:27 | Create | Militia |
| 8:50 | Build | Palisade Wall |
| 8:50 | Build | Palisade Wall |
| 8:51 | Build | Palisade Wall |
| 8:58 | Age | Feudal Age |
| 8:59 | Create | Villager (Male) |
| 9:00 | Research | Man-at-Arms (upgrade) |
| 9:00 | Research | Man-at-Arms (upgrade) |
| 9:22 | Build | Archery Range |
| 9:33 | Create | Villager (Male) |
| 9:33 | Create | Villager (Male) |
| 9:59 | Create | Villager (Male) |
| 10:07 | Create | Archer |
| 10:09 | Build | Archery Range |
| 10:22 | Create | Villager (Male) |
| 10:22 | Create | Villager (Male) |
| 10:31 | Create | Archer |
| 10:59 | Build | Mill |
| 11:18 | Create | Archer |
| 11:18 | Create | Archer |
| 11:46 | Create | Archer |
| 11:47 | Create | Archer |
| 12:12 | Create | Villager (Male) |
| 12:24 | Create | Villager (Male) |
Match timeline
| 5:47 | danchoi · first_building Barracks |
| 5:52 | (***AlBy_Bkr***) · first_building Barracks |
| 7:54 | (***AlBy_Bkr***) · wall_segment Palisade Wall x1 |
| 8:50 | danchoi · wall_segment Palisade Wall x1 |
| 8:50 | danchoi · wall_segment Palisade Wall x1 |
| 8:51 | danchoi · wall_segment Palisade Wall x1 |
| 8:58 | danchoi · age_up feudal |
| 9:01 | (***AlBy_Bkr***) · age_up feudal |
| 9:07 | (***AlBy_Bkr***) · first_building Archery Range |
| 9:22 | danchoi · first_building Archery Range |
| 12:39 | danchoi · resign |
[ AI ANALYSIS · 1 CREDIT ]
What really happened in this match?
Wolo.gg analyzes every decision: build order, eco, micro, common mistakes by bracket. Personalized analysis on WhatsApp or Discord in 30 seconds.
Civ guide
Bulgarians
Perfil
(***AlBy_Bkr***)